 Dungeon Crawl Stone Soup version 0.21-a0-404-g291f19a (webtiles) character file.

421 ohad the Chopper (level 6, -3/44 HPs)
             Began as a Demonspawn Gladiator on Oct 30, 2017.
             Slain by an ufetubus (4 damage)
             ... summoned by Eustachio
             ... on level 4 of the Dungeon.
             The game lasted 00:08:36 (3923 turns).

ohad the Chopper (Demonspawn Gladiator)             Turns: 3923, Time: 00:08:37

Health: -3/44      AC: 11    Str: 16      XL:     6   Next: 62%
Magic:  6/6        EV: 11    Int:  9      God:
Gold:   185        SH:  0    Dex: 14 (15) Spells: 5/5 levels left

rFire    . . .     SeeInvis .   a - +0 war axe
rCold    . . .     Gourm    .   (no shield)
rNeg     . . .     Faith    .   C - +0 chain mail
rPois    .         Spirit   .   v - +1 hat
rElec    .         Reflect  .   (no cloak)
rCorr    .         Harm     .   j - +0 pair of gloves
MR       .....                  (no boots)
Stlth    ..........             (no amulet)
HPRegen  0.14/turn              (no ring)
MPRegen  0.10/turn              (no ring)

@: no status effects
A: repulsion field 2, powered by death 2, rot immunity
a: no special abilities


You were on level 4 of the Dungeon.
You were not hungry.

You visited 1 branch of the dungeon, and saw 4 of its levels.

You collected 185 gold pieces.

Inventory:

Hand Weapons
 a - a +0 war axe (weapon)
 x - a +1 whip of venom
 A - a +0 morningstar
Missiles
 l - 13 bolts
 n - 4 tomahawks (quivered)
 q - 14 poisoned needles
Armour
 b - a +0 leather armour
 j - a +0 pair of gloves (worn)
 k - a +0 ring mail
 o - a +0 plate armour
 t - a +0 scale mail
 v - a +1 hat (worn)
 C - a +0 chain mail (worn)
Jewellery
 r - an uncursed ring of fire
Scrolls
 g - a scroll of noise {unknown}
 h - a scroll of random uselessness {unknown}
 m - a scroll of magic mapping {unknown}
 u - 2 scrolls of teleportation
 y - a scroll of fear
 z - a scroll of fog {unknown}
 B - a scroll of remove curse {unknown}
 D - a scroll of immolation {unknown}
Potions
 c - a potion of brilliance {unknown}
 e - a potion of berserk rage {unknown}
 i - a potion of cancellation {unknown}
 s - a potion of magic {unknown}
 w - a potion of lignification {unknown}
Comestibles
 f - a bread ration
 p - 3 royal jellies


   Skills:
 - Level 2.0 Fighting
 + Level 6.1 Axes
 - Level 1.7 Throwing
 - Level 2.9 Armour
 - Level 2.6 Dodging


You had 5 spell levels left.
You didn't know any spells.

Dungeon Overview and Level Annotations

Branches:
Dungeon (4/15)
 Temple: D:4-7

Altars:
Trog

Annotations:
D:4 4thArraOfDagon's ghost, amateur BaCK; Eustachio


Innate Abilities, Weirdness & Mutations

You are surrounded by a moderate repulsion field. (EV +3)
You regenerate health from kills.
You are immune to rotting.


Message History

The quokka completely misses you. The ufetubus barely misses you.
The ufetubus hits you but does no damage.
Eustachio mumbles some strange words.
Eustachio blinks!
The ufetubus closely misses you. The ufetubus barely misses you.
Eustachio gestures wildly while chanting.
Eustachio blinks!
The shadow imp summons a swarm of flies.
The ufetubus hits you.
* * * LOW HITPOINT WARNING * * *
The ufetubus hits you but does no damage.
The quokka bites you.
* * * LOW HITPOINT WARNING * * *
The ufetubus hits you but does no damage.
The ufetubus hits you.
* * * LOW HITPOINT WARNING * * *
The ufetubus hits you but does no damage.
The ufetubus hits you.
You die...

#........................<.#
#..........................#
#.. ...........ยง...........#
#... #....##..###...###...###
#...##[)..##..###...###...##.
#..........#....5....#.......
#.....[....'.........#......)
#..........#r5(.5....#.......
#...##'#####@r.......#.......
#...##....##...########......
#....#.........##....##......
#....'....##...##............
#...##....#######............
#...##....##.........##......
#...##....##...########......
#....#....#....##....##......
#....#....#.....#.....+......


You could see an iron imp, a river rat, a shadow imp, an ufetubus and a quokka.

Vanquished Creatures
  2 centaur skeletons (D:4)
  A hound (D:4)
  3 orc wizards
  2 worker ants (D:4)
  A howler monkey zombie (D:2)
  6 adders
  A gnoll (D:1)
  An ooze (D:1)
  An adder skeleton (D:4)
  3 worms
  5 leopard geckos
  20 orcs
  A ball python (D:4)
  8 bats
  4 giant cockroaches
  6 goblins
  5 hobgoblins
  7 jackals
  2 quokkas (D:4)
  A ball python skeleton (D:4)
  11 frilled lizards
  8 kobolds
  7 rats
106 creatures vanquished.

Notes
Turn   | Place    | Note
-------+----------+-------------------------------------------
     0 | D:1      | ohad the Demonspawn Gladiator began the quest for the Orb.
     0 | D:1      | Reached XP level 1. HP: 16/16 MP: 1/1
   103 | D:1      | Reached skill level 3 in Axes
   103 | D:1      | Gained mutation: You regenerate a little health from kills. [demonic ancestry]
   103 | D:1      | Reached XP level 2. HP: 5/22 MP: 2/2
   820 | D:1      | Gained mutation: You are immune to rotting. [demonic ancestry]
   820 | D:1      | Reached XP level 3. HP: 22/27 MP: 3/3
  1137 | D:1      | Reached skill level 4 in Axes
  1258 | D:2      | Gained mutation: You regenerate health from kills. [demonic ancestry]
  1258 | D:2      | Reached XP level 4. HP: 24/33 MP: 4/4
  1363 | D:2      | Found a bloodstained altar of Trog.
  1448 | D:2      | Found a faded altar of an unknown god.
  1620 | D:2      | Reached skill level 1 in Armour
  2048 | D:3      | Reached skill level 5 in Axes
  2048 | D:3      | Gained mutation: You are surrounded by a mild repulsion field. (EV +2) [demonic ancestry]
  2048 | D:3      | Reached XP level 5. HP: 38/38 MP: 5/5
  2655 | D:4      | Gained mutation: You are surrounded by a moderate repulsion field. (EV +3) [demonic ancestry]
  2655 | D:4      | Reached XP level 6. HP: 42/44 MP: 6/6
  2759 | D:4      | Noticed Eustachio
  2759 | D:4      | Noticed 4thArraOfDagon's ghost (amateur BaCK)
  3148 | D:4      | Reached skill level 6 in Axes
  3923 | D:4      | HP: 1/44 [ufetubus[Eustachio] (3)]
  3923 | D:4      | Slain by an ufetubus

Vault maps used:
D:1:      saegor_arrival_simple_c
D:2:      nicolae_overflow_crystal_walls, chequers_ecumenical_altar_twisty
D:4:      kennysheep_spiral_hall, grunt_ministairs_11, uniq_eustachio

Skill      XL: |  1  2  3  4  5  6 |
---------------+-------------------+-----
Axes           | 3 4 5 6 |  6.1
Armour         | 1 2 |  2.9
Fighting       | |  2.0
Throwing       | |  1.7
Dodging        | |  2.6

Action                   |  1- 3 |  4- 6 || total
-------------------------+-------+-------++-------
Melee: War axe           |   118 |   283 ||   401
Throw: Throwing net      |     2 |     1 ||     3
  Use: Scroll            |       |     2 ||     2
 Stab: Held in net/web   |     3 |       ||     3
  Eat: Chunk             |     1 |     7 ||     8
       Meat ration       |       |     1 ||     1
Armor: Leather armour    |    19 |       ||    19
       Ring mail         |    26 |    17 ||    43
       Scale mail        |       |    76 ||    76
       Chain mail        |       |   188 ||   188
Dodge: Dodged            |    61 |   330 ||   391

Table legend:
 A = Spawn XP
 B = Non-spawn XP
 C = Spawn XP percentage of total XP
 D = Spawn monster count
 E = Non-spawn monster count
 F = Spawn count percentage of total count
 G = Total turns spent on level
                    A         B        C        D         E        F      G
               +---------+---------+-------+---------+---------+-------+---------
         Total |       0 |     602 |   0.0 |       0 |     106 |   0.0 |  3923
               +---------+---------+-------+---------+---------+-------+---------
           D:1 |       0 |      53 |   0.0 |       0 |      24 |   0.0 |  1166
           D:2 |       0 |      99 |   0.0 |       0 |      25 |   0.0 |   771
           D:3 |       0 |     130 |   0.0 |       0 |      32 |   0.0 |  1161
           D:4 |       0 |     320 |   0.0 |       0 |      25 |   0.0 |   825
               +---------+---------+-------+---------+---------+-------+---------
